 Dungeon Crawl Stone Soup version 0.25-a0-576-g50b708a4c4 (webtiles) character file.

Game seed: 4383027313889590166, levelgen mode: classic

293033 EnegeticOcto the Champion of Chaos (level 20, 187/201 HPs)
             Began as a Deep Dwarf Fighter on Mar 1, 2020.
             Was the Champion of Makhleb.
             Quit the game in a treasure trove.
             The game lasted 00:27:48 (27187 turns).

EnegeticOcto the Champion of Chaos (DDFi)          Turns: 27187, Time: 00:27:49

Health: 187/201    AC: 29    Str: 48    XL:     20   Next: 0%
Magic:  20/20      EV:  4    Int: 15    God:    Makhleb [******]
Gold:   3103       SH: 35    Dex: 18    Spells: 19/19 levels left

rFire    + . .     SeeInvis .   a - +9 broad axe
rCold    x . .     Gourm    .   N - +18 shield of the Gong {rElec rN+ MR+ EV-5}
rNeg     + + .     Faith    .   L - +6 plate armour of the Trombone {rC- Str+6 Dex+6}
rPois    +         Spirit   .   t - +1 hat of Lenaoghy {Str+5 Int+3}
rElec    +         Reflect  .   T - +0 cloak {rF+}
rCorr    .         Harm     .   m - +1 pair of gloves "Geiducka" {Str+4}
MR       +++++                  R - +0 pair of boots "Mon Figu" {Str+7}
Stlth    ..........             (no amulet)
HPRegen  0.00/turn              B - ring of poison resistance
MPRegen  0.17/turn              h - +3 ring of slaying

@: non-regenerating, studying Shields
A: damage resistance, heal wounds, magic resistance 1, negative energy
resistance 1, sense surroundings 3, wild magic 1, no regeneration
}: 2/15 runes: serpentine, barnacled
a: Heal Wounds, Minor Destruction, Lesser Servant of Makhleb, Major Destruction,
Greater Servant of Makhleb, Renounce Religion


You were in a treasure trove.
You worshipped Makhleb.
Makhleb was exalted by your worship.
You were not hungry.

You visited 7 branches of the dungeon, and saw 35 of its levels.
You also visited: Trove, Gauntlet and Volcano.

You collected 4105 gold pieces.
You spent 1002 gold pieces at shops.

Inventory:

Hand Weapons
 a - a +9 broad axe (weapon)
Missiles
 A - 6 throwing nets (quivered)
Armour
 b - the -2 hat of the Alchemist {rElec rPois rF+ rC+ rN+ MR+ rMut rCorr}
   (You found it in a treasure trove)

   It protects you from fire.
   It protects you from cold.
   It insulates you from electricity.
   It protects you from poison.
   It protects you from negative energy.
   It affects your resistance to hostile enchantments.
   It provides partial protection from all sources of acid and corrosion.
   It protects you from mutation.
   If you switch to wearing this armour, your AC will decrease by 3 (29 -> 26).
 d - a +3 kite shield
 m - the +1 pair of gloves "Geiducka" (worn) {Str+4}
   (You found it in a treasure trove)

   It affects your strength (+4).
   If you remove this armour, your AC will decrease by 2 (29 -> 27).
 o - a +0 helmet of intelligence
 p - a +0 pair of gloves
 t - the +1 hat of Lenaoghy (worn) {Str+5 Int+3}
   (You found it in a treasure trove)

   It affects your strength (+5).
   It affects your intelligence (+3).
   If you remove this armour, your AC will decrease by 1 (29 -> 28).
 D - a +0 pair of boots
 L - the +6 plate armour of the Trombone (worn) {rC- Str+6 Dex+6}
   (You found it in a Gauntlet)

   It affects your strength (+6).
   It affects your dexterity (+6).
   It makes you vulnerable to cold.
   If you remove this armour, your AC will decrease by 22 (29 -> 7).
 N - the +18 shield of the Gong (worn) {rElec rN+ MR+ EV-5}
   (You found it on level 13 of the Dungeon)

   It affects your evasion (-5).
   It insulates you from electricity.
   It protects you from negative energy.
   It affects your resistance to hostile enchantments.
 R - the +0 pair of boots "Mon Figu" (worn) {Str+7}
   (You found it in a treasure trove)

   It affects your strength (+7).
   If you remove this armour, your AC will decrease by 1 (29 -> 28).
 T - a +0 cloak of fire resistance (worn)
Jewellery
 h - a +3 ring of slaying (right hand)
 B - a ring of poison resistance (left hand)
 F - an uncursed ring of protection from magic
 X - an uncursed ring of protection from cold
Scrolls
 f - 2 scrolls of identify {@r1}
 g - 7 scrolls of blinking {@r3}
 q - 15 scrolls of remove curse {@r6}
 r - 10 scrolls of magic mapping {@r5}
 s - 4 scrolls of enchant weapon
 y - 4 scrolls of fog
 C - 3 scrolls of enchant armour
 E - 8 scrolls of teleportation {@r2}
 G - 3 scrolls of fear
 M - a scroll of holy word
 P - a scroll of silence
 Q - a scroll of summoning
 V - a scroll of immolation {@r4}
 W - 2 scrolls of torment
Potions
 c - 4 potions of ambrosia
 i - a potion of magic
 j - 5 potions of stabbing {@q5}
 k - 5 potions of might {@q3}
 l - 5 potions of cancellation
 n - 5 potions of haste {@q4}
 v - 18 potions of curing {@q1}
 w - 2 potions of mutation
 x - 8 potions of flight
 H - 6 potions of heal wounds {@q2}
 I - 2 potions of lignification {@q7}
 U - 2 potions of berserk rage
Books
 K - a manual of Shields
Miscellaneous
 J - a lamp of fire
 Z - a phantom mirror
Comestibles
 e - 49 rations


   Skills:
 * Level 17.2 Fighting
 * Level 19.8 Axes
 + Level 14.9 Armour
 - Level 15.0 Shields
 * Level 23.8 Invocations


You had 19 spell levels left.
You didn't know any spells.
Your spell library was empty.

Dungeon Overview and Level Annotations

Branches:
Dungeon (15/15)            Temple (1/1) D:6            Lair (6/6) D:11
 Shoals (4/4) Lair:2        Snake (4/4) Lair:4        Slime (0/5) Lair:5
    Orc (2/2) D:11            Elf (0/3) Orc:2        Vaults (3/5) D:14
 Depths (0/5) D:15        Volcano (visited)         Gauntlet (visited)
  Crypt: Vaults:2-3

Altars:
Ashenzari
Cheibriados
Dithmenos
Elyvilon
Fedhas
Gozag
Makhleb
Nemelex Xobeh
Okawaru
Qazlal
Ru
Trog
Xom
Beogh

Shops:
D:5 !   D:7 }   D:8 !   D:9 [   D:11 ([   D:13 (   Orc:1 *   Orc:2 !:(%!
Shoals:4 %   Snake:2 *

Annotations:
Lair:4 exclusion: 3 oklob plants
Shoals:3 exclusion: 2 oklob plants
Orc:2 2 transporters, Flugslaktarn's ghost, journeyman DDFi
Vaults:1 3 runed translucent doors, Juteq's ghost, adept GnGl
Vaults:3 Mennas; Sojobo


Innate Abilities, Weirdness & Mutations

You are resistant to damage.
You can heal yourself by infusing magical energy.
You resist negative energy. (rN+)
You passively map a large area around you.
You do not regenerate.
You are resistant to hostile enchantments. (MR+)
Your spells are a little harder to cast, but a little more powerful.


Message History

There is an open door here.
There is a portal to a secret trove of treasure here.
Unknown command.
This trove needs 4 potions of resistance to function.
Give it the items?
The portal accepts the items and buzzes to life!
The world spins around you as you enter the gateway.
You enter a treasure trove!
Found a gate leading back out of this place.
There is an empty arch of ancient stone here.
There is a gate leading back out of this place here.
You open the door.
Found eight items.
Found six items.
There is an open door here.
You see here a dazzling scale mail.
You see here a runed chain mail.
You see here a pair of smoking boots.
As you read the scroll of identify {@r1}, it crumbles to dust. the +2 pair of boots of the Nexus {Int+3} You see here a pair of spiked gloves.
As you read the scroll of identify {@r1}, it crumbles to dust. the +1 pair of gloves "Geiducka" {Str+4} You see here a leather armour.
You see here a pair of transparent boots.
As you read the scroll of identify {@r1}, it crumbles to dust. the +0 pair of boots "Mon Figu" {Str+7} You see here a crude hat.
As you read the scroll of identify {@r1}, it crumbles to dust. the +1 hat of Lenaoghy {Str+5 Int+3} You see here the -2 hat of the Alchemist {rElec rPois rF+ rC+ rN+ MR+ rMut rCorr}.
You see here a runed ring mail.
You see here a glowing scarf.
You see here a leather armour.
You see here the +1 pair of gloves "Geiducka" {Str+4}.
You see here the +2 pair of boots of the Nexus {Int+3}.
You see here a runed ring mail.
You see here a leather armour.
You see here the +0 pair of boots "Mon Figu" {Str+7}.
You see here a runed ring mail.
You see here the +1 pair of gloves "Geiducka" {Str+4}.
You see here a runed chain mail.
You see here a glowing scarf.
As you read the scroll of identify {@r1}, it crumbles to dust. a scarf of spirit shield You see here a leather armour.
You see here the +0 pair of boots "Mon Figu" {Str+7}.
You see here a pair of runed gloves.
You see here the +1 hat of Lenaoghy {Str+5 Int+3}.
You see here the +3 salamander hide armour {+Rage rF++}.
You see here the +1 hat of Lenaoghy {Str+5 Int+3}.
You see here the +0 pair of boots "Mon Figu" {Str+7}.
You see here a leather armour.
You see here a runed ring mail.
You see here a runed chain mail.
You see here a dazzling scale mail.
You see here a runed chain mail.
You see here the +2 pair of boots of the Nexus {Int+3}.
You see here the +1 pair of gloves "Geiducka" {Str+4}.
m - the +1 pair of gloves "Geiducka" {Str+4} You see here a leather armour.
You see here the +0 pair of boots "Mon Figu" {Str+7}.
R - the +0 pair of boots "Mon Figu" {Str+7} You see here the +1 hat of Lenaoghy {Str+5 Int+3}.
You can't carry that many items.
You see here the -2 hat of the Alchemist {rElec rPois rF+ rC+ rN+ MR+ rMut rCorr}.
Drop what? 52/52 slots (_ for help) (? for menu, Esc to quit)
You drop a wand of polymorph (16).
You drop a wand of flame (82).
You drop a wand of clouds (14).
You drop a wand of scattershot (12).
You drop a wand of paralysis (10).
You drop a wand of digging (9) {@v2}.
You drop a wand of acid (12) {@v1}.
You see here the -2 hat of the Alchemist {rElec rPois rF+ rC+ rN+ MR+ rMut rCorr}.
b - the -2 hat of the Alchemist {rElec rPois rF+ rC+ rN+ MR+ rMut rCorr} You see here the +1 hat of Lenaoghy {Str+5 Int+3}.
t - the +1 hat of Lenaoghy {Str+5 Int+3} You start removing your armour.
You continue taking off your +0 pair of boots. x4
You finish taking off your +0 pair of boots.
You start putting on your armour.
You continue putting on the +0 pair of boots "Mon Figu" {Str+7}. x5
You finish putting on the +0 pair of boots "Mon Figu" {Str+7}.
You feel stronger.
You start removing your armour.
You continue taking off your +0 helmet of intelligence. x4
You finish taking off your +0 helmet of intelligence.
You feel stupid.
You start putting on your armour.
You continue putting on the +1 hat of Lenaoghy {Str+5 Int+3}. x5
You finish putting on the +1 hat of Lenaoghy {Str+5 Int+3}.
You feel stronger.
You feel clever.
You start removing your armour.
You continue taking off your +0 pair of gloves. x4
You finish taking off your +0 pair of gloves.
You start putting on your armour.
You continue putting on the +1 pair of gloves "Geiducka" {Str+4}. x5
You finish putting on the +1 pair of gloves "Geiducka" {Str+4}.
You feel stronger.
Are you sure you want to abandon this character and quit the game? (Confirm with "yes".)

#######
#[.[[[#
#[[[/@#
#[[[.[#
#'#####
#∩# #∩#
###


There were no monsters in sight!

Vanquished Creatures
  2 tentacled monstrosities
  A kraken (Shoals:1)
  2 sphinxes (Vaults:1)
  Kirke (Lair:4)
  2 tengu reavers
  2 fire giants (Vaults:2)
  8 nagarajas
  The ghost of Flugslaktarn the Severer, a journeyman DDFi of Makhleb (Snake:2)
  2 frost giants
  4 vault wardens
  2 deep elf sorcerers (Vaults:1)
  An orc warlord (Orc:2)
  A stone giant (Vaults:2)
  3 ironheart preservers
  A very ugly thing (Vaults:2)
  Azrael (D:13)
  2 entropy weavers (Lair:5)
  2 merfolk javelineers
  5 yaktaur captains
  6 merfolk impalers
  2 rakshasas (Vaults:1)
  Harold (D:7)
  7 hydras
  Fannar (D:11)
  5 vault guards
  2 alligator snapping turtles (Shoals:4)
  15 naga warriors
  14 anacondas
  A merfolk avatar (Shoals:2)
  A satyr (Shoals:4)
  13 two-headed ogres
  7 merfolk aquamancers (Shoals:4)
  3 death yaks (Lair:4)
  11 centaur warriors
  3 orc high priests (Orc:2)
  A tengu warrior (Shoals:4)
  A queen ant (Lair:5)
  6 shock serpents
  An ogre mage (Vaults:2)
  Urug (Orc:1)
  13 naga sharpshooters
  A hell knight (Vaults:3)
  4 deep elf knights
  3 salamander mystics
  A flayed ghost (Vaults:1)
  A deep troll (Vaults:3)
  21 sea snakes
  A glowing orange brain (shapeshifter) (Vaults:2)
  3 skeletal warriors (Vaults:2)
  A deep troll (shapeshifter) (Vaults:1)
  7 naga ritualists
  10 ironbrand convokers
  4 wizards
  2 glowing orange brains (Vaults:1)
  A deep elf archer (Vaults:1)
  4 unseen horrors
  2 lindwurms (Volcano)
  13 mana vipers
  12 orc knights
  10 harpies
  7 orc sorcerers
  An obsidian statue (Snake:2)
  2 wolf spiders (Vaults:1)
  A salamander (shapeshifter) (Vaults:2)
  3 deep elf magi
  16 fauns
  A toenail golem (Volcano)
  12 salamanders
  40 ugly things
  6 manticores
  A wolf spider zombie (D:14)
  A moth of wrath (shapeshifter) (Vaults:2)
  11 cyclopes
  Maurice (D:9)
  8 elephants (Lair:5)
  6 water nymphs
  9 merfolk sirens
  9 guardian serpents
  5 vault sentinels
  39 black mambas
  4 molten gargoyles (Volcano)
  3 gargoyles
  26 naga magi
  7 spiny frogs
  3 komodo dragons
  9 yaktaurs
  3 kobold demonologists
  2 freezing wraiths
  A rime drake (Lair:5)
  2 efreet (Volcano)
  A queen bee (Lair:1)
  A tengu conjurer (Shoals:4)
  2 trolls
  6 polar bears
  20 merfolk
  4 hornets (Lair:6)
  20 slime creatures
  2 wind drakes (Shoals:4)
  4 blink frogs (Lair:3)
  14 hippogriffs
  7 snapping turtles
  9 dream sheep
  A redback (shapeshifter) (D:14)
  11 spriggans (Lair:6)
  A shadow (D:15)
  A centaur simulacrum (D:15)
  A frost giant simulacrum (Vaults:2)
  8 wraiths
  10 humans
  4 water elementals
  44 yaks
  A fire bat (shapeshifter) (D:13)
  6 fire elementals
  3 basilisks
  7 hogs
  2 wyverns
  A steam dragon (D:9)
  A hungry ghost (D:9)
  47 nagas
  4 acid dragons
  2 soldier ants (Lair:5)
  4 wargs
  3 hell hounds (D:13)
  18 water moccasins
  12 porcupines
  36 orc warriors
  5 sky beasts
  2 ice beasts
  A hornet zombie (D:15)
  2 phantoms (D:7)
  6 black bears
  2 eyes of draining
  A necrophage (D:12)
  10 ogres
  30 wolves
  7 boggarts
  22 centaurs
  12 crocodiles
  3 big kobolds
  An earth elemental (Volcano)
  20 bullfrogs
  A gnoll sergeant (D:7)
  4 scorpions
  19 killer bees
  5 wights (D:9)
  5 howler monkeys
  5 electric eels
  8 crimson imps
  5 centaur zombies
  8 jellies
  16 orc priests
  Crazy Yiuf (D:7)
  7 hounds
  18 orc wizards
  A bullfrog skeleton (D:10)
  5 centaur skeletons
  5 iguanas
  23 worker ants
  A worker ant zombie (D:5)
  A howler monkey zombie (D:5)
  12 gnolls
  16 adders
  2 howler monkey skeletons (D:4)
  8 shadow imps
  16 white imps
  An ooze (D:1)
  3 adder skeletons
  A worm (D:2)
  A dart slug (D:1)
  6 leopard geckos
  78 orcs
  6 giant cockroaches
  5 goblins
  7 hobgoblins
  11 jackals
  13 kobolds
  6 quokkas
  A ball python (D:4)
  5 bats
  2 frilled lizards
  A quokka skeleton (D:6)
  8 rats
  5 fungi
  12 plants
  3 tentacles (Shoals:1)
1307 creatures vanquished.

Vanquished Creatures (collateral kills)
  Bai Suzhen (Vaults:2)
  2 nagarajas (Snake:4)
  An orc warlord (Orc:2)
  A minotaur (Gauntlet)
  2 merfolk javelineers
  A merfolk impaler (Shoals:4)
  2 hydras
  A naga warrior (Snake:4)
  A merfolk avatar (Shoals:1)
  2 anacondas (Snake:4)
  A two-headed ogre (D:13)
  3 naga sharpshooters (Snake:4)
  An orc high priest (Orc:2)
  A shock serpent (Snake:4)
  A sea snake (Shoals:4)
  A naga ritualist (Snake:4)
  2 orc knights
  A deep elf archer (Orc:2)
  A mana viper (Snake:4)
  An ugly thing (D:13)
  2 cyclopes
  A manticore (Shoals:3)
  A black mamba (Lair:5)
  A merfolk siren (Shoals:3)
  3 naga magi (Snake:4)
  A water nymph (Shoals:4)
  A gargoyle (D:13)
  A centaur skeleton (D:13)
  7 merfolk
  2 snapping turtles (Shoals:4)
  3 dream sheep (Shoals:3)
  2 yaks (Lair:5)
  A soldier ant (Lair:5)
  5 nagas (Snake:4)
  4 orc warriors (Orc:2)
  2 porcupines (D:11)
  A bullfrog (Lair:5)
  3 killer bees (D:13)
  2 crimson imps
  2 centaur zombies (D:11)
  2 orc priests
  An orc wizard (Orc:2)
  2 worker ants (Lair:5)
  8 orcs
  2 fungi (D:11)
  5 plants
92 creatures vanquished.

Vanquished Creatures (others)
  A black mamba (Snake:1)
  A shadow (D:15)
  An orc warrior (Vaults:3)
  An orc priest (Orc:2)
  An iguana (D:13)
  11 fungi
  22 plants
  11 tentacles (Shoals:1)
49 creatures vanquished.

Grand Total: 1448 creatures vanquished

Notes
Turn   | Place    | Note
-------+----------+-------------------------------------------
     0 | D:1      | EnegeticOcto the Deep Dwarf Fighter began the quest for the
                  | Orb.
     0 | D:1      | Reached XP level 1. HP: 20/20 MP: 1/1
    60 | D:1      | Reached XP level 2. HP: 27/27 MP: 2/2
   289 | D:3      | Found a faded altar of an unknown god.
   311 | D:4      | Reached XP level 3. HP: 29/34 MP: 3/3
   655 | D:4      | Reached XP level 4. HP: 18/42 MP: 4/4
   777 | D:4      | Noticed an ogre
   787 | D:4      | Killed an ogre
   787 | D:4      | Reached XP level 5. HP: 43/50 MP: 5/5
   826 | D:4      | Noticed a sky beast
   857 | D:4      | Killed a sky beast
   918 | D:4      | Reached XP level 6. HP: 45/57 MP: 6/6
  1065 | D:5      | Entered Level 5 of the Dungeon
  1280 | D:5      | Reached skill level 5 in Axes
  1342 | D:5      | Reached XP level 7. HP: 64/66 MP: 6/6
  1487 | D:5      | Found Rioheuwk's Distillery.
  1497 | D:5      | Bought a potion of haste for 120 gold pieces
  1850 | D:6      | Found a staircase to the Ecumenical Temple.
  1892 | Temple   | Entered the Ecumenical Temple
  1926 | Temple   | Became a worshipper of Makhleb the Destroyer
  2011 | D:6      | Found a snail-covered altar of Cheibriados.
  2037 | D:6      | Reached skill level 5 in Fighting
  2037 | D:6      | Reached skill level 1 in Invocations
  2098 | D:6      | Reached skill level 2 in Invocations
  2149 | D:6      | Reached skill level 5 in Armour
  2149 | D:6      | Reached skill level 5 in Shields
  2642 | D:7      | Found Lotiugawnyha's Gadget Emporium.
  2691 | D:7      | Reached skill level 3 in Invocations
  2696 | D:7      | Reached XP level 8. HP: 58/75 MP: 9/9
  2753 | D:7      | Reached skill level 4 in Invocations
  2778 | D:7      | Reached * piety under Makhleb
  2822 | D:7      | Reached skill level 5 in Invocations
  2883 | D:7      | Found a sacrificial altar of Ru.
  3233 | D:7      | Noticed Harold
  3277 | D:7      | Killed Harold
  3277 | D:7      | Reached skill level 6 in Invocations
  3277 | D:7      | Gained mutation: You passively map the area around you.
                  | [Deep Dwarf growth]
  3277 | D:7      | Reached XP level 9. HP: 85/85 MP: 10/10
  3437 | D:7      | Reached skill level 7 in Invocations
  3607 | D:7      | Found a runed translucent door.
  3608 | D:7      | Noticed Crazy Yiuf
  3616 | D:7      | Killed Crazy Yiuf
  3863 | D:8      | Reached ** piety under Makhleb
  3940 | D:8      | Reached XP level 10. HP: 74/94 MP: 12/12
  4013 | D:8      | Noticed a gargoyle
  4038 | D:8      | Killed a gargoyle
  4038 | D:8      | Reached skill level 8 in Invocations
  4239 | D:8      | Found Emevo's Distillery.
  4243 | D:8      | Bought a potion of mutation for 112 gold pieces
  4243 | D:8      | Gained mutation: Your spells are a little harder to cast,
                  | but a little more powerful. [potion of mutation]
  4243 | D:8      | Gained mutation: You are resistant to hostile enchantments.
                  | (MR+) [potion of mutation]
  4671 | D:9      | Found Lamich's Armour Boutique.
  4746 | D:9      | Found a white marble altar of Elyvilon.
  4774 | D:9      | Reached skill level 9 in Invocations
  5080 | D:9      | Reached *** piety under Makhleb
  5148 | D:9      | Noticed Maurice
  5476 | D:9      | Killed Maurice
  5478 | D:10     | Entered Level 10 of the Dungeon
  5571 | D:10     | Found the +5 scythe "Finisher" {speed, eviscerate}
  5659 | D:10     | Reached XP level 11. HP: 79/104 MP: 15/15
  5740 | D:10     | Reached skill level 10 in Invocations
  5911 | D:10     | Reached skill level 10 in Axes
  5914 | D:10     | Reached **** piety under Makhleb
  6428 | D:11     | Found a gate leading to a gauntlet.
  6441 | Gauntlet | Entered a Gauntlet
  6441 | Gauntlet | Found a transporter.
  6441 | Gauntlet | Found a transporter.
  6442 | Gauntlet | Found a transporter.
  6442 | Gauntlet | Noticed a reaper
  6445 | Gauntlet | Found a transporter.
  6455 | Gauntlet | Found a transporter.
  6457 | Gauntlet | Noticed a wizard
  6465 | Gauntlet | Noticed a wizard
  6520 | Gauntlet | Found a transporter.
  6532 | Gauntlet | Found a transporter.
  6546 | Gauntlet | Found a transporter.
  6556 | Gauntlet | Found a transporter.
  6571 | Gauntlet | Found a transporter.
  6577 | Gauntlet | Found a transporter.
  6598 | Gauntlet | Found a transporter.
  6599 | Gauntlet | Noticed a death scarab
  6689 | Gauntlet | Killed a wizard
  6696 | Gauntlet | Killed a wizard
  6729 | Gauntlet | Noticed a minotaur
  6746 | Gauntlet | Killed a minotaur
  6778 | Gauntlet | Got a twisted plate armour
  6779 | Gauntlet | Identified the +6 plate armour of the Trombone {rC- Str+6
                  | Dex+6} (You found it in a Gauntlet)
  6801 | D:11     | Found Pinafre's Weapon Boutique.
  6803 | D:11     | Found a staircase to the Orcish Mines.
  6822 | D:11     | Reached skill level 11 in Invocations
  6861 | D:11     | Found Pexiudgh's Armour Boutique.
  6895 | D:11     | Noticed Fannar
  6924 | D:11     | Killed Fannar
  6972 | D:11     | Reached skill level 12 in Invocations
  6977 | D:11     | Killed an unseen horror
  7022 | D:11     | Found a staircase to the Lair.
  7042 | D:11     | Noticed a two-headed ogre
  7054 | D:11     | Killed a two-headed ogre
  7136 | D:11     | Noticed an eight-headed hydra
  7140 | D:11     | Noticed an eight-headed hydra
  7154 | D:11     | Killed an eight-headed hydra
  7156 | D:11     | Killed a ten-headed hydra
  7156 | D:11     | Reached XP level 12. HP: 94/116 MP: 16/16
  7368 | D:12     | Noticed a two-headed ogre
  7386 | D:12     | Killed a two-headed ogre
  7386 | D:12     | Reached skill level 13 in Invocations
  7424 | D:12     | Reached skill level 10 in Fighting
  7729 | D:12     | Found a portal to a secret trove of treasure.
  7849 | D:13     | Noticed Azrael
  7853 | D:13     | Noticed a centaur warrior
  7858 | D:13     | Noticed a two-headed ogre
  7870 | D:13     | Killed a centaur warrior
  7873 | D:13     | Noticed a four-headed hydra
  7877 | D:13     | Killed a two-headed ogre
  7877 | D:13     | Reached skill level 10 in Shields
  7877 | D:13     | Reached skill level 14 in Invocations
  7881 | D:13     | Killed Azrael
  7894 | D:13     | Noticed a two-headed ogre
  7901 | D:13     | Killed a 13-headed hydra
  7905 | D:13     | Killed a two-headed ogre
  7983 | D:13     | Found Biewosebb's Weapon Boutique.
  8079 | D:13     | Noticed a centaur warrior
  8089 | D:13     | Killed a centaur warrior
  8093 | D:13     | Reached skill level 15 in Invocations
  8099 | D:13     | Found the +18 shield of the Gong {rElec rN+ MR+ EV-5}
  8205 | D:13     | Noticed a two-headed ogre
  8234 | D:13     | Killed a two-headed ogre
  8234 | D:13     | Reached XP level 13. HP: 108/126 MP: 18/18
  8299 | D:13     | Reached ***** piety under Makhleb
  8698 | D:14     | Reached skill level 16 in Invocations
  8768 | D:14     | Reached skill level 10 in Armour
  9051 | D:14     | Got a polished crystal plate armour
  9052 | D:14     | Identified the +3 crystal plate armour "Mykhar" {rN+ Regen+
                  | Dex-5 SInv} (You found it on level 14 of the Dungeon)
  9093 | D:14     | Found a gate to the Vaults.
  9145 | D:14     | Found a shadowy altar of Dithmenos.
  9152 | D:14     | Found a blossoming altar of Fedhas.
  9237 | D:15     | Entered Level 15 of the Dungeon
  9254 | D:15     | Reached skill level 17 in Invocations
  9310 | D:15     | Gained mutation: You resist negative energy. (rN+) [Deep
                  | Dwarf growth]
  9310 | D:15     | Reached XP level 14. HP: 136/136 MP: 20/20
  9480 | D:15     | Found a sparkling altar of Nemelex Xobeh.
  9574 | D:15     | Found a staircase to the Depths.
  9732 | Orc:1    | Entered Level 1 of the Orcish Mines
  9830 | Orc:2    | Entered Level 2 of the Orcish Mines
  9830 | Orc:2    | Found Edoxicen's Distillery.
  9957 | Orc:2    | Identified the +5 chain mail of Nevvipuf {rF+ rN+ Str-4}
  9957 | Orc:2    | Noticed an orc warlord
  9981 | Orc:2    | Killed an orc warlord
 10087 | Orc:2    | Noticed an orc warlord
 10119 | Orc:2    | Killed an orc warlord
 10201 | Orc:2    | Reached skill level 18 in Invocations
 10269 | Orc:2    | Found Doroarisioh's Book Shoppe.
 10269 | Orc:2    | Found Etumismoqer's Distillery.
 10273 | Orc:2    | Found Ezoidaak's Food Boutique.
 10273 | Orc:2    | Found Jenlux's Antique Weapon Shoppe.
 10285 | Orc:2    | Bought a potion of might for 60 gold pieces
 10285 | Orc:2    | Bought a potion of haste for 150 gold pieces
 10285 | Orc:2    | Bought a potion of heal wounds for 75 gold pieces
 10321 | Orc:2    | Bought a potion of cancellation for 120 gold pieces
 10321 | Orc:2    | Bought a potion of haste for 150 gold pieces
 10321 | Orc:2    | Bought a potion of heal wounds for 75 gold pieces
 10327 | Orc:1    | Noticed Urug
 10354 | Orc:1    | Killed Urug
 10383 | Orc:1    | Found a roughly hewn altar of Beogh.
 10521 | Orc:1    | Found Deihut's Assorted Antiques.
 10530 | Orc:1    | Bought a scroll labeled UQAOFIYMIOT for 26 gold pieces
 10532 | Orc:1    | Bought an orange potion for 23 gold pieces
 10532 | Orc:1    | Bought a scroll of magic mapping for 91 gold pieces
 10593 | Orc:1    | Found a roughly hewn altar of Beogh.
 10739 | Orc:2    | Noticed Flugslaktarn's ghost (journeyman DDFi)
 10833 | Orc:2    | Found a transporter.
 10867 | Orc:2    | Found a transporter.
 10876 | Orc:2    | Found a staircase to the Elven Halls.
 11116 | Lair:1   | Entered Level 1 of the Lair of Beasts
 11226 | Lair:1   | Noticed Sonja
 11230 | Lair:1   | Noticed Sonja
 11230 | Lair:1   | Sonja changed into Sonja the queen bee
 11241 | Lair:1   | Killed Sonja the queen bee
 12243 | Lair:2   | Found a staircase to the Shoals.
 12645 | Lair:3   | Reached ****** piety under Makhleb
 12775 | Lair:3   | You fall into a shaft and drop 3 floors!
 12775 | Lair:6   | Entered Level 6 of the Lair of Beasts
 13137 | Lair:6   | Reached XP level 15. HP: 146/146 MP: 18/18
 13141 | Lair:6   | Found a frozen archway.
 13793 | Lair:5   | Found a staircase to the Slime Pits.
 13901 | Lair:5   | Reached skill level 19 in Invocations
 13910 | Lair:5   | Reached skill level 15 in Axes
 13952 | Lair:5   | Found a dark tunnel.
 13976 | Volcano  | Entered a volcano
 14864 | Lair:5   | Noticed Nessos
 14869 | Lair:5   | Noticed Nessos
 14869 | Lair:5   | Nessos changed into Nessos the mana viper
 14877 | Lair:5   | Killed Nessos the mana viper
 15420 | Lair:4   | Found a staircase to the Snake Pit.
 15742 | Lair:4   | Noticed Kirke
 15756 | Lair:4   | Killed Kirke
 18462 | D:9      | Identified the Grimoire of Shape Shifting
 18803 | Snake:1  | Entered Level 1 of the Snake Pit
 18836 | Snake:1  | Reached XP level 16. HP: 127/158 MP: 3/15
 19040 | Snake:1  | Reached skill level 20 in Invocations
 19542 | Snake:2  | Reached skill level 15 in Shields
 19886 | Snake:2  | Found a runed translucent gate.
 19886 | Snake:2  | Found a runed translucent gate.
 19887 | Snake:2  | Noticed Flugslaktarn's ghost (journeyman DDFi)
 19889 | Snake:2  | Found an opulent altar of Gozag.
 19890 | Snake:2  | Found a runed translucent gate.
 19891 | Snake:2  | Found Xabreuz's Assorted Antiques.
 19942 | Snake:2  | Killed Flugslaktarn's ghost
 20330 | Snake:3  | Reached XP level 17. HP: 168/168 MP: 17/17
 20598 | Snake:4  | Entered Level 4 of the Snake Pit
 20645 | Snake:4  | Reached skill level 21 in Invocations
 20678 | Snake:4  | Reached skill level 15 in Fighting
 21327 | Snake:4  | Got a serpentine rune of Zot
 21889 | Shoals:1 | Entered Level 1 of the Shoals
 21972 | Shoals:1 | Gained mutation: You passively map a large area around you.
                  | [Deep Dwarf growth]
 21972 | Shoals:1 | Reached XP level 18. HP: 167/178 MP: 17/17
 22579 | Shoals:2 | Reached skill level 22 in Invocations
 23717 | Shoals:4 | Entered Level 4 of the Shoals
 23717 | Shoals:4 | Found Cawoocew's Food Emporium.
 24092 | Shoals:4 | Got a barnacled rune of Zot
 24659 | Vaults:1 | Entered Level 1 of the Vaults
 24793 | Vaults:1 | Reached XP level 19. HP: 148/190 MP: 19/19
 25140 | Vaults:1 | Reached skill level 23 in Invocations
 25280 | Vaults:1 | Found a runed translucent gate.
 25280 | Vaults:1 | Found a runed translucent gate.
 25280 | Vaults:1 | Found a runed translucent gate.
 25280 | Vaults:1 | Noticed Juteq's ghost (adept GnGl)
 26308 | Vaults:2 | Identified the +1 chain mail of Light {rPois Slay+2}
 26402 | Vaults:2 | Noticed Bai Suzhen
 26420 | Vaults:2 | Killed Bai Suzhen
 26912 | Vaults:3 | Noticed Sojobo
 26916 | Vaults:3 | Noticed Mennas
 26939 | Vaults:3 | Reached XP level 20. HP: 201/201 MP: 7/20
 27095 | D:12     | You paid a toll of 4 potions of resistance to enter a
                  | treasure trove
 27096 | Trove    | Entered a treasure trove
 27100 | Trove    | Found the -2 hat of the Alchemist {rElec rPois rF+ rC+ rN+
                  | MR+ rMut rCorr}
 27100 | Trove    | Found the +3 salamander hide armour {+Rage rF++}
 27103 | Trove    | Identified the +2 pair of boots of the Nexus {Int+3} (You
                  | found it in a treasure trove)
 27105 | Trove    | Identified the +1 pair of gloves "Geiducka" {Str+4} (You
                  | found it in a treasure trove)
 27108 | Trove    | Identified the +0 pair of boots "Mon Figu" {Str+7} (You
                  | found it in a treasure trove)
 27110 | Trove    | Identified the +1 hat of Lenaoghy {Str+5 Int+3} (You found
                  | it in a treasure trove)
 27187 | Trove    | Quit the game

Levels and vault maps discovered:
D:1:      kennysheep_arrival_forest, layout_rooms, minmay_small_reverse_x
D:2:      layout_rooms, minivault_26, chequers_big_river
D:3:      layout_basic, chequers_ecumenical_altar_simple,
          kennysheep_cluttered_room, kennysheep_minor_cross
D:4:      layout_cave_pods
D:5:      layout_loops_ring, first_ration, serial_shops, kennysheep_little_box,
          minmay_misc_feat_doors
D:6:      layout_loops_cross, cheibriados_altar_1,
          minmay_temple_entry_butterflies, serial_rivers,
          chequers_serial_rivers_large_a, chequers_serial_rivers_micro_c,
          chequers_serial_rivers_marsh, chequers_serial_rivers_micro_e,
          chequers_serial_rivers_micro_d
D:7:      layout_basic, serial_shops, nicolae_shop_trees, grunt_decor_cap,
          grunt_livestock, skrybe_limestone_x, nrook_mini_vaults,
          nicolae_ru_path_of_blood, uniq_harold, uniq_crazy_yiuf_cottage
D:8:      layout_basic, serial_shops, nicolae_shop_crystal
D:9:      layout_irregular_city, serial_shops, nicolae_shop_crystal,
          elyvilon_altar_5, uniq_maurice
D:10:     layout_stronghold, minmay_guarded_unrand_finisher
D:11:     layout_rooms, grunt_lair_entry_orc_guard_hut, orc_david_3,
          gauntlet_entry_generic, uniq_fannar
D:12:     layout_rooms, enter_trove_3
D:13:     minmay_bubble_buster, layout_cave_pools, serial_shops, shop,
          uniq_azrael
D:14:     layout_cave_pools, ximxim_vaults_locker_room, fedhas_altar_3,
          dk_noncrumbling_3, grunt_dithmenos_smoke
D:15:     grunt_enter_depths_snipers, layout_cross, nemelex_altar_shiori
Temple:   regret_index_temple_sigil_plot
Lair:1:   layout_gridlike, small_statue_intersection, serial_bayou_lagoon_b,
          grunt_megastairs_5, uniq_sonja
Lair:2:   layout_gridlike, minmay_shoals_entry_beasts, lemuel_fruit_fields,
          grunt_megastairs_3, serial_bayou_shore_a
Lair:3:   layout_concentric_octagons, minmay_holes, beast_lair_carwin_5
Lair:4:   dpeg_oklob_gauntlet, layout_hall_layers,
          minmay_snake_entry_six_corridors, beast_lair_carwin_3, uniq_kirke
Lair:5:   layout_cave_pods, minmay_slime_entry_pillars,
          nicolae_volcano_entry_hallway, minmay_another_anthill, uniq_nessos
Lair:6:   minmay_lair_end_enchanted_forest, layout_gridlike,
          portal_ice_cave_entry_imps, infiniplex_staircase_pool_2
Shoals:1: layout_shoals
Shoals:2: layout_shoals
Shoals:3: layout_shoals, nicolae_shoals_this_corrosion
Shoals:4: shoals_end_simple, layout_shoals, serial_shops,
          nicolae_shop_waterfront, kb_tengu_band
Snake:1:  layout_rooms
Snake:2:  layout_gridlike, ebering_ghost_gozag, st_stairs_13,
          grunt_ministairs_15, evilmike_ambush [evilmike_ambush_outer_basic,
          evilmike_ambush_inner_pond]
Snake:3:  layout_onion_interference
Snake:4:  grunt_snake_rune_pools, layout_cave_shapes, guppyfry_snake_island
Orc:1:    layout_caves, serial_shops, nicolae_shop_waterfront, basic_altar,
          minmay_orc_temple_a, uniq_urug
Orc:2:    grunt_orc_tribal_feast, layout_caves, gammafunk_ghost_stat_death,
          serial_shops, shop, elf_legates
Vaults:1: gammafunk_vaults_ghost_necromancy, ontoclasm_vaults_misaligned,
          nicolae_vaults_little_squares_3, vaults_dpeg_diagonal, st_more_cells,
          v_misc_9, ontoclasm_vaults_shuriken, v_misc_1,
          nicolae_vaults_network_star, ontoclasm_vaults_claustrophobia,
          vaults_dpeg_encased_lava, layout_vaults_big_room
Vaults:2: nicolae_vaults_specimen_jars, grunt_vaults_funneled_arena,
          ontoclasm_vaults_misaligned, v_alt_pattern_3,
          ontoclasm_vaults_ligature, ontoclasm_vaults_fault, v_misc_13,
          nicolae_vaults_circle_grid_b, v_misc_19, vaults_standard_mumra_x,
          v_misc_13, layout_vaults_maze_snakey, uniq_bai_suzhen
Vaults:3: grunt_vaults_focal, vaults_room_fancy_cross,
          minmay_crypt_entry_simple_statues, vaults_mumra_bighexcomb, v_misc_4,
          v_misc_28, v_rooms_4, nicolae_vaults_theta, grunt_vaults_funnel,
          vaults_room_pools, layout_vaults_ring, uniq_mennas, uniq_sojobo,
          uniq_margery
Trove:    trove_armour_2

Skill      XL: |  1  2  3  4  5  6  7  8  9 10 11 12 13 14 15 16 17 18 19 |
---------------+----------------------------------------------------------+-----
Fighting       | 3 4 5 6 7 8 9 10 11 12 13 14 15 16 17 | 17.2
Axes           | 3 4 5 6 7 8 9 11 12 13 14 15 16 17 18 19 | 19.8
Armour         | 4 5 6 7 8 9 10 11 12 13 14 | 14.9
Shields        | 4 5 6 7 9 10 12 13 14 15 | 15.0
Invocations    | 3 6 7 9 12 15 17 18 19 20 21 22 23 | 23.8

Action                   |  1- 3 |  4- 6 |  7- 9 | 10-12 | 13-15 | 16-18 | 19-21 || total
-------------------------+-------+-------+-------+-------+-------+-------+-------++-------
Melee: War axe           |    20 |       |       |   725 |   440 |       |       ||  1185
       Hand axe          |    54 |    90 |   421 |    22 |       |       |       ||   587
       Broad axe         |       |       |       |       |   843 |  1251 |   490 ||  2584
Invok: Lesser Servant of |       |       |       |    15 |    16 |     4 |       ||    35
       Greater Servant o |       |       |       |       |       |     9 |     4 ||    13
 Abil: Heal Wounds       |       |     3 |    13 |    17 |    18 |     9 |       ||    60
Evoke: Wand              |       |       |       |     3 |     7 |       |       ||    10
  Use: Scroll            |       |       |       |    22 |    25 |     2 |     7 ||    56
       Potion            |       |       |       |     1 |     3 |     6 |       ||    10
 Stab: Distracted        |       |       |       |     6 |     7 |     4 |     2 ||    19
  Eat: Chunk             |       |     2 |     6 |    16 |    35 |    12 |     8 ||    79
       Ration            |       |       |     1 |       |       |     3 |       ||     4
Armor: Scale mail        |    21 |    41 |    66 |       |       |       |       ||   128
       Plate armour      |       |       |   126 |   507 |   620 |   499 |    92 ||  1844
Dodge: Dodged            |    14 |    17 |    81 |   185 |    79 |    49 |    18 ||   443
Block: Kite shield       |    43 |    34 |   218 |   711 |  1825 |  1965 |   496 ||  5292

Table legend:
 A = Non-vault XP
 B = Vault XP
 C = Vault XP percentage of total XP
 D = Non-vault monster count
 E = Vault monster count
 F = Vault count percentage of total count
                 A         B        C        D         E       F
            +---------+---------+-------+---------+---------+-------
      Total |  283487 |  191597 |  40.3 |     936 |     439 |  31.9
            +---------+---------+-------+---------+---------+-------
        D:1 |      47 |       7 |  13.0 |      25 |       4 |  13.8
        D:2 |      19 |       0 |   0.0 |      10 |       0 |   0.0
        D:3 |      14 |       0 |   0.0 |       8 |       0 |   0.0
        D:4 |     378 |       0 |   0.0 |      15 |       0 |   0.0
        D:5 |     402 |       0 |   0.0 |      14 |       0 |   0.0
        D:6 |     568 |       0 |   0.0 |      16 |       0 |   0.0
        D:7 |    1432 |    2021 |  58.5 |      27 |       7 |  20.6
        D:8 |    1865 |       0 |   0.0 |      23 |       0 |   0.0
        D:9 |    2293 |     485 |  17.5 |      43 |       1 |   2.3
       D:10 |    1619 |    1244 |  43.5 |      31 |       6 |  16.2
       D:11 |    6740 |    1252 |  15.7 |      29 |       8 |  21.6
       D:12 |    3458 |       0 |   0.0 |      22 |       0 |   0.0
       D:13 |    9796 |    5165 |  34.5 |      47 |      15 |  24.2
       D:14 |    9552 |    4642 |  32.7 |      26 |      12 |  31.6
       D:15 |   10755 |    2483 |  18.8 |      23 |       3 |  11.5
     Lair:1 |    1546 |     677 |  30.5 |      10 |       3 |  23.1
     Lair:2 |    3841 |    1012 |  20.9 |      18 |       3 |  14.3
     Lair:3 |    3357 |     611 |  15.4 |      16 |       6 |  27.3
     Lair:4 |    4943 |    7624 |  60.7 |      18 |      23 |  56.1
     Lair:5 |   13195 |    5628 |  29.9 |      47 |      32 |  40.5
     Lair:6 |    5703 |    8881 |  60.9 |      30 |      56 |  65.1
   Shoals:1 |   13760 |       0 |   0.0 |      24 |       0 |   0.0
   Shoals:2 |   11301 |       0 |   0.0 |      22 |       0 |   0.0
   Shoals:3 |    9042 |     451 |   4.8 |      25 |       1 |   3.8
   Shoals:4 |   11477 |   23543 |  67.2 |      26 |      39 |  60.0
    Snake:1 |   24730 |       0 |   0.0 |      46 |       0 |   0.0
    Snake:2 |   15900 |   17074 |  51.8 |      32 |      31 |  49.2
    Snake:3 |   12926 |       0 |   0.0 |      22 |       0 |   0.0
    Snake:4 |   28297 |   36559 |  56.4 |      47 |      61 |  56.5
      Orc:1 |    1135 |     963 |  45.9 |      13 |       8 |  38.1
      Orc:2 |    1225 |   13205 |  91.5 |      30 |      39 |  56.5
   Vaults:1 |   35044 |   19754 |  36.0 |      67 |      23 |  25.6
   Vaults:2 |   36072 |   25194 |  41.1 |      77 |      29 |  27.4
   Vaults:3 |    1055 |    5801 |  84.6 |       7 |       6 |  46.2
    Volcano |       0 |    4952 | 100.0 |       0 |      14 | 100.0
   Gauntlet |       0 |    2369 | 100.0 |       0 |       9 | 100.0
            +---------+---------+-------+---------+---------+-------
